 Dungeon Crawl Stone Soup version 0.28.0-43-g3370ac3207 (webtiles) character file.

Game seed: 3176754440093738496

6977 pkoi the Martial Artist (level 10, -3/83 HPs)
             Began as a Yellow Draconian Monk on Mar 10, 2022.
             Was a Priest of Sif Muna.
             Shot with an arrow by a centaur (6 damage)
             ... on level 8 of the Dungeon.
             The game lasted 00:12:49 (9623 turns).

pkoi the Martial Artist (Yellow Draconian Monk)     Turns: 9623, Time: 00:12:50

Health: -3/83      AC: 10    Str: 32    XL:     10   Next: 81%
Magic:  10/10      EV: 18    Int: 10    God:    Sif Muna [***...]
Gold:   0          SH:  0    Dex: 14    Spells: 9/9 levels left

rFire   + + .      SeeInvis +   j - +9 whip "Ipuettor" {spect, +Blink rF++ Str+3 Int-5}
rCold   . . .      Faith    .   (no shield)
rNeg    . . .      Spirit   .   (armour unavailable)
rPois   .          Reflect  .   (helmet restricted)
rElec   .          Harm     .   v - +2 cloak of the Sneaky Tales {-Cast +Blink Str+10 SInv}
rCorr   +          Rampage  .   (no gloves)
Will    .....      NoCast   +   (no boots)
Stlth   +++.......              (no amulet)
HPRegen 0.23/turn               c - +6 ring of strength
MPRegen 0.12/turn               l - +4 ring of evasion

@: short of breath, studying Ice Magic
A: spit acid, AC +7, unfitting armour, cold-blooded, acid resistance
a: Breathe Acid, Renounce Religion, Evoke Blink, Channel Magic, Forget Spell


You were on level 8 of the Dungeon.
You worshipped Sif Muna.
Sif Muna was most pleased with you.
You visited 2 branches of the dungeon, and saw 9 of its levels.
You also visited: Bailey.

You collected 32 gold pieces.
You spent 32 gold pieces at shops.

Inventory:

Hand Weapons
 j - the +9 whip "Ipuettor" (weapon) {spect, +Blink rF++ Str+3 Int-5}
   (You found it on level 2 of the Dungeon)

   When its wielder attacks, the weapon's spirit leaps out and strikes again.
   The spirit shares a part of any damage it takes with its wielder.
   Str:       It affects your strength (+3).
   Int:       It affects your intelligence (-5).
   rF:        It greatly protects you from fire.
   +Blink:    It lets you blink.
Missiles
 n - 3 throwing nets (quivered)
 w - 3 curare-tipped darts
Armour
 v - the +2 cloak of the Sneaky Tales (worn) {-Cast +Blink Str+10 SInv}
   (You found it on level 7 of the Dungeon)

   Str:       It affects your strength (+10).
   SInv:      It lets you see invisible.
   +Blink:    It lets you blink.
   -Cast:     It prevents spellcasting.
 y - a +1 cloak
Jewellery
 c - a +6 ring of strength (left hand)
 l - a +4 ring of evasion (right hand)
 q - a ring of ice
 s - a ring of protection from cold
 x - a ring of positive energy
Wands
 p - a wand of digging (5)
 t - a wand of paralysis (10)
Scrolls
 b - 4 scrolls of teleportation
 g - 3 scrolls of fog
 i - 3 scrolls of blinking {unknown}
 A - a scroll of identify
 C - a scroll of magic mapping
 D - a scroll of immolation {unknown}
Potions
 a - 2 potions of ambrosia {unknown}
 d - a potion of degeneration {unknown}
 e - a potion of haste
 f - 3 potions of might
 h - 6 potions of heal wounds
 k - 6 potions of mutation {unknown}
 m - a potion of attraction
 o - 5 potions of curing
 r - 2 potions of cancellation {unknown}
 u - 3 potions of berserk rage {unknown}
 z - 2 potions of flight {unknown}
 B - a potion of brilliance


   Skills:
 + Level 6.0 Fighting
 + Level 5.7 Dodging
 + Level 5.9 Stealth
 + Level 13.8 Unarmed Combat
 + Level 2.7 Evocations


You had 9 spell levels left.
You didn't know any spells.
Your spell library contained the following spells:

 Spells                   Type           Power      Damage    Failure   Level
 Animate Skeleton         Necr           0%         N/A       36%         1
 Apportation              Tloc           0%         N/A       36%         1
 Summon Small Mammal      Summ           0%         N/A       36%         1
 Conjure Flame            Conj/Fire      0%         6-21      75%         3
 Ignite Poison            Fire/Tmut/Pois 0%         N/A       75%         3
 Inner Flame              Hex/Fire       0%         N/A       75%         3
 Tukima's Dance           Hex            0%         N/A       75%         3
 Anguish                  Hex/Necr       0%         N/A       98%         4
 Cause Fear               Hex            0%         N/A       98%         4
 Sticky Flame             Conj/Fire      0%         2d3       98%         4
 Enfeeble                 Hex            0%         N/A       100%        7
 Discord                  Hex            0%         N/A       100%        8


Dungeon Overview and Level Annotations

Branches:
Dungeon (8/15)             Temple (1/1) D:6          Bailey (visited)
   Lair: D:8-11

Altars:
Ashenzari
Cheibriados
Dithmenos
Elyvilon
Fedhas
Gozag
Hepliaklqana
Kikubaaqudgha
Makhleb
Okawaru
Qazlal
Sif Muna
Trog
Uskayaw
Wu Jian
Xom
Yredelemnul
Zin
The Shining One

Shops:
D:6 *(   D:8 *

Annotations:
D:3 3 runed translucent doors, Jenx's ghost, weakling MiBe


Innate Abilities, Weirdness & Mutations

You can spit globs of acid.
Your golden yellow scales are hard. (AC +7)
You cannot fit into any form of body armour.
You are cold-blooded and may be slowed by cold attacks.
You are resistant to acid. (rCorr)


Message History

You spit a glob of acid.
The glob of acid misses the steam dragon.
The steam dragon misses you. The steam dragon closely misses you.
Unknown command.
Unknown command.
You whack the steam dragon!
You kill the steam dragon!
Sif Muna accepts your kill.
The centaur hits you but does no damage.
The centaur kicks you but does no damage.
Your Fighting skill increases to level 6!
Unknown command.
You hit the centaur.
You tail-slap the centaur, but do no damage.
The centaur is moderately wounded.
Your +9 whip "Ipuettor" {spect, +Blink rF++ Str+3 Int-5} barely misses the centaur.
The centaur hits you but does no damage.
The centaur closely misses you. The centaur completely misses you.
The centaur kicks you but does no damage.
You hit the centaur.
The centaur is heavily wounded.
Your +9 whip "Ipuettor" {spect, +Blink rF++ Str+3 Int-5} hits the centaur but does no damage.
The centaur hits you but does no damage.
The centaur kicks you.
* * * LOW HITPOINT WARNING * * *
You hit the centaur.
You tail-slap the centaur, but do no damage.
The centaur is severely wounded.
Your +9 whip "Ipuettor" {spect, +Blink rF++ Str+3 Int-5} hits the centaur!!
You kill the centaur!
Sif Muna accepts your kill.
Something hits your +9 whip "Ipuettor" {spect, +Blink rF++ Str+3 Int-5}.
Something kicks your +9 whip "Ipuettor" {spect, +Blink rF++ Str+3 Int-5} but does no damage.
Something hits your +9 whip "Ipuettor" {spect, +Blink rF++ Str+3 Int-5}.
Your spectral weapon shares its damage with you!
* * * LOW HITPOINT WARNING * * *
Something closely misses your +9 whip "Ipuettor" {spect, +Blink rF++ Str+3 Int-5}.
The centaur wields a +0 shortbow.
The centaur shoots an arrow.
The arrow hits you.
You die...

***,***,**#.#.#o####.#...###...#
,*,*,*,*,*,#c#.#.##....### ##..##
*,***,***,**#§#c#.#...## ##....
,*,*,*,*,*,#.#§#o##...## ##.....
***,***,**#c###§#.#....####......
##################c##...##....>..
#..................##............
#.##.............####..#.........
............###.@###...##.......#
.)....⌠.....# #...##..##........#
.≈≈≈≈...#...# ##..##..#..####.)##
.≈≈≈≈..##...####........#* #...#
≈≈≈≈≈..##.[..##.........# #.)).
...≈≈...#........<.....#* #.)).
....≈...#.............## ###....
⌠....≈_.#.............#####....†.
..##....#...##...##...##.....##..


You could see a centaur.

Vanquished Creatures
  Harold (D:8)
  A two-headed ogre (Bailey)
  Psyche (D:8)
  Grinder (D:3)
  Prince Ribbit (D:7)
  5 spriggans (Bailey)
  Sigmund (D:7)
  Eustachio (D:6)
  A steam dragon (D:8)
  Menkaure (D:4)
  Edmund (D:7)
  An acid dragon (Bailey)
  2 water moccasins
  A sky beast (D:6)
  3 ice beasts
  5 necrophages
  2 orc warriors
  6 ogres
  2 centaurs (D:8)
  4 bullfrogs
  2 water moccasin zombies
  3 killer bees (D:8)
  A howler monkey (D:8)
  4 wights (D:8)
  2 orc priests
  3 bullfrog zombies
  3 centaur zombies
  2 jellies
  A gnoll shaman (D:8)
  A bullfrog skeleton (D:5)
  Ijyb (D:4)
  2 iguanas
  4 orc wizards
  A hound zombie (D:5)
  A hound skeleton (D:4)
  4 gnolls (D:8)
  4 adders
  3 shadow imps
  2 white imps
  2 ufetubi
  An adder skeleton (D:4)
  7 worms
  4 dart slugs
  15 orcs
  7 endoplasms
  5 giant cockroaches
  11 goblins
  10 hobgoblins
  4 jackals (D:2)
  2 quokkas
  5 ball pythons
  8 bats
  2 frilled lizards
  10 kobolds
  5 rats
  A bush (D:5)
184 creatures vanquished.

Vanquished Creatures (others)
  Maurice (D:8)
  2 bushes (D:5)
  12 plants (D:5)
15 creatures vanquished.

Grand Total: 199 creatures vanquished

Notes
Turn   | Place    | Note
-------+----------+-------------------------------------------
     0 | D:1      | pkoi the Draconian Monk began the quest for the Orb.
     0 | D:1      | Reached XP level 1. HP: 19/19 MP: 1/1
   257 | D:1      | Reached XP level 2. HP: 26/26 MP: 2/2
  1210 | D:1      | Reached XP level 3. HP: 29/31 MP: 3/3
  1510 | D:2      | Found a faded altar of an unknown god.
  1673 | D:2      | Identified the +9 whip "Ipuettor" {spect, +Blink rF++ Str+3
                  | Int-5}
  1931 | D:2      | Reached skill level 4 in Unarmed Combat
  1991 | D:2      | Reached XP level 4. HP: 38/38 MP: 4/4
  2242 | D:3      | Found a hazy altar of Hepliaklqana.
  2285 | D:3      | Found a runed translucent gate.
  2285 | D:3      | Found a runed translucent gate.
  2285 | D:3      | Found a runed translucent gate.
  2286 | D:3      | Noticed Jenx's ghost (weakling MiBe)
  2354 | D:3      | Noticed Grinder
  2361 | D:3      | Killed Grinder
  2362 | D:3      | Reached skill level 6 in Unarmed Combat
  2362 | D:3      | Reached XP level 5. HP: 42/45 MP: 5/5
  2362 | D:3      | Reached XP level 6. HP: 48/51 MP: 6/6
  2470 | D:3      | Found a burning altar of Makhleb.
  2532 | D:3      | Found a shimmering altar of Xom.
  2734 | D:3      | Found a white marble altar of Elyvilon.
  3069 | D:4      | Noticed Ijyb
  3076 | D:4      | Killed Ijyb
  3158 | D:4      | Noticed Menkaure
  3163 | D:4      | Killed Menkaure
  3173 | D:4      | Found a shadowy altar of Dithmenos.
  3541 | D:5      | Entered Level 5 of the Dungeon
  3687 | D:5      | Your scales start taking on a golden yellow colour.
  3687 | D:5      | Reached XP level 7. HP: 48/59 MP: 7/7
  3687 | D:5      | Gained mutation: You are resistant to acid. (rCorr) [Yellow
                  | Draconian growth]
  3835 | D:5      | Found a blossoming altar of Fedhas.
  4186 | D:5      | Found a glowing silver altar of Zin.
  4306 | D:5      | Reached skill level 7 in Unarmed Combat
  4857 | D:5      | Reached skill level 5 in Fighting
  4857 | D:5      | Reached XP level 8. HP: 63/68 MP: 8/8
  4877 | D:5      | Reached skill level 5 in Stealth
  4980 | D:6      | Reached skill level 5 in Dodging
  5028 | D:6      | Found Otiyff's Weapon Boutique.
  5039 | D:6      | Found a staircase to the Ecumenical Temple.
  5062 | Temple   | Entered the Ecumenical Temple
  5200 | Temple   | Became a worshipper of Sif Muna the Loreminder
  5200 | Temple   | Reached * piety under Sif Muna
  5200 | Temple   | Reached ** piety under Sif Muna
  5222 | D:6      | Reached skill level 8 in Unarmed Combat
  5710 | D:6      | Found an iron altar of Okawaru.
  5723 | D:6      | Noticed Eustachio
  5729 | D:6      | Killed Eustachio
  5730 | D:6      | Reached skill level 9 in Unarmed Combat
  5996 | D:6      | Found Usith's Elemental Accessories.
  6243 | D:6      | Reached XP level 9. HP: 74/74 MP: 9/9
  6495 | D:7      | Identified a scroll of acquirement
  6495 | D:7      | Acquired a manual of Ice Magic
  6761 | D:7      | Noticed Prince Ribbit
  6774 | D:7      | Killed Prince Ribbit
  6775 | D:7      | Reached skill level 10 in Unarmed Combat
  7441 | D:7      | Identified the +2 cloak of the Sneaky Tales {-Cast +Blink
                  | Str+10 SInv}
  7463 | D:7      | Noticed Sigmund
  7472 | D:7      | Killed Sigmund
  7477 | D:7      | Noticed Edmund
  7484 | D:7      | Killed Edmund
  7485 | D:7      | Reached skill level 11 in Unarmed Combat
  7696 | D:8      | Found a flagged portal.
  7708 | D:8      | Noticed Harold
  7720 | Bailey   | Entered a bailey
  7855 | Bailey   | Reached skill level 12 in Unarmed Combat
  7958 | Bailey   | Noticed a two-headed ogre
  7966 | Bailey   | Killed a two-headed ogre
  7967 | Bailey   | Reached XP level 10. HP: 51/81 MP: 10/10
  8034 | Bailey   | Reached skill level 13 in Unarmed Combat
  8753 | D:7      | Identified the +6 plate armour of the Trombone {rF+}
  8800 | D:8      | Noticed Psyche
  8801 | D:8      | Found Oppuaros's CLEARANCE SALE!.
  8809 | D:8      | Killed Psyche
  8810 | D:8      | Reached skill level 1 in Evocations
  8830 | D:8      | Bought a potion of curing for 12 gold pieces
  8830 | D:8      | Bought a potion of heal wounds for 20 gold pieces
  8845 | D:8      | Found an ancient bone altar of Kikubaaqudgha.
  8895 | D:8      | Killed Harold
  9195 | D:8      | Found a bloodstained altar of Trog.
  9450 | D:8      | Reached *** piety under Sif Muna
  9590 | D:8      | Noticed Maurice
  9602 | D:8      | Killed Maurice
  9616 | D:8      | HP: 4/83 [steam dragon (7)]
  9621 | D:8      | HP: 3/83 [something (1)]
  9623 | D:8      | Shot with an arrow by a centaur

Illustrated notes

Levels and vault maps discovered:
D:1:      lemuel_arrival_muddy, layout_basic, minmay_tetromino_l2
D:2:      layout_rooms, hellmonk_ecumenical_altar_pennies_from_heaven,
          minmay_misc_feat_plants, chequers_serial_rivers_room_a,
          corexii_corridor_pit
D:3:      cheibrodos_helix_gallery, layout_basic, mainiacjoe_overflow_boulevard,
          general_overflow_altar, mainiacjoe_overflow_cross_hatched,
          lemuel_doored_altar, gammafunk_ghost_necromancy, minmay_misc_feat_chi,
          grunt_decor_arrowhead, nicolae_wormholes, uniq_grinder
D:4:      layout_basic, kennysheep_little_box, uniq_menkaure, uniq_ijyb
D:5:      layout_cave_pods, overflow_temple_1_default,
          fedhas_altar_decomposition, nicolae_underground_beach
D:6:      layout_loops_corners, mainiacjoe_overflow_surrounded_room,
          minmay_temple_entry_stoned_glass, serial_shops,
          nicolae_shop_temple_entry_statues_fountains, nicolae_elemental_shop,
          minmay_misc_feat_columns, minmay_misc_feat_pillars, uniq_eustachio
D:7:      layout_loops_ring, sigmund_edmund_badplayer, uniq_prince_ribbit1
D:8:      minmay_imperfect_grid, layout_layer_cave,
          nemelex_diamond_rough_becter, kiku_gazebo_pond_becter, bloody_trog,
          enter_bailey_5, nicolae_shop_clearance, uniq_maurice, uniq_psyche,
          uniq_harold
Temple:   nicolae_temple_figure_zero

Skill      XL: |  1  2  3  4  5  6  7  8  9 10 |
---------------+-------------------------------+-----
Stealth        | 2 3 4 5 |  5.9
Dodging        | 3 4 5 |  5.7
Unarmed Combat | 4 6 7 9 12 13 | 13.8
Fighting       | 4 5 6 |  6.0
Evocations     | 2 |  2.7

Action                   |  1- 3 |  4- 6 |  7- 9 | 10-12 || total
-------------------------+-------+-------+-------+-------++-------
Melee: Unarmed           |   142 |       |       |       ||   142
       Tailslap          |    22 |     6 |    21 |    10 ||    59
       Whip              |    11 |    58 |   159 |    73 ||   301
       Punch             |     3 |     3 |     9 |     8 ||    23
 Abil: Breathe Acid      |       |       |     9 |     4 ||    13
  Use: Scroll            |       |       |    11 |     2 ||    13
 Stab: Sleeping          |     6 |     6 |     8 |     4 ||    24
       Distracted        |       |       |       |     1 ||     1
Armor: Skin              |    48 |    13 |    49 |    15 ||   125
Dodge: Dodged            |   102 |    26 |   126 |    67 ||   321
